 Dungeon Crawl Stone Soup version 0.31-a0-4-gefa6de2278 (webtiles) character file.

Game seed: 12256253836089882351

685 porpoise the Chopper (level 7, -1/76 HPs)
             Began as an Ogre Gladiator on May 5, 2023.
             Slain by a steam dragon (4 damage)
             ... on level 5 of the Dungeon.
             The game lasted 00:12:44 (2771 turns).

porpoise the Chopper (Ogre Gladiator)               Turns: 2771, Time: 00:12:45

Health: -1/76      AC:  3    Str: 21    XL:     7   Next: 62%
Magic:  7/7        EV: 15    Int:  9    God:
Gold:   180        SH:  0    Dex: 10    Spells: 6/6 levels left

rFire   . . .        a - +0 war axe
rCold   . . .        (no shield)
rNeg    . . .        q - +0 robe
rPois   .            c - +0 hat
rElec   .            (no cloak)
rCorr   .            (gloves unavailable)
SInv    .            (boots unavailable)
Will    .....        (no amulet)
Stlth   +            j - +4 ring of slaying
HPRegen 0.32/turn    m - +5 ring of evasion
MPRegen 0.10/turn

%: no passive effects
@: invisible
A: large, unfitting armour, tough skin 1
a: no special abilities


You were on level 5 of the Dungeon.
You visited 1 branch of the dungeon, and saw 6 of its levels.

You collected 180 gold pieces.

Inventory:

Hand Weapons
 a - a +0 war axe (weapon)
Missiles
 d - 2 throwing nets
 e - a large rock
 f - 9 poisoned darts
 y - a boomerang (quivered)
Armour
 c - a +0 hat (worn)
 q - a +0 robe (worn)
Jewellery
 j - a +4 ring of slaying (left hand)
 m - a +5 ring of evasion (right hand)
 o - a +6 ring of strength
Wands
 s - a wand of polymorph (5)
 t - a wand of paralysis (3)
Scrolls
 g - a scroll of teleportation
 h - a scroll of acquirement {unknown}
 i - a scroll of enchant weapon {unknown}
 l - a scroll of torment {unknown}
 v - a scroll of blinking {unknown}
 w - a scroll of fear {unknown}
Potions
 k - a potion of curing
 n - a potion of cancellation
 p - a potion of might
 r - a potion of flight
 u - a potion of lignification {unknown}
 x - a potion of mutation {unknown}


   Skills:
 + Level 6.6 Fighting
 * Level 7.3 Axes
 - Level 2.0 Throwing
 - Level 2.6 Dodging


You had 6 spell levels left.
You didn't know any spells.
Your spell library contained the following spells:

 Spells                   Type           Power      Damage    Failure   Level
 Slow                     Hex            0%         N/A       38%         1
 Confusing Touch          Hex            0%         N/A       77%         3
 Dazzling Flash           Conj/Hex       0%         N/A       77%         3
 Vampiric Draining        Necr           0%         2d6       77%         3
 Agony                    Necr           0%         N/A       100%        5
 Silence                  Hex/Air        0%         N/A       100%        5


Dungeon Overview and Level Annotations

Branches:
Dungeon (6/15)
 Temple: D:4-7

Altars:
Nemelex Xobeh

Shops:
D:2 (


Innate Abilities, Weirdness & Mutations

You are too large for most types of armour.
You have tough skin. (AC +1)


Message History

The steam dragon is lightly wounded.
The steam dragon bites you! The steam dragon closely misses you.
The steam dragon completely misses you. The steam dragon misses you.
You hit the steam dragon.
The steam dragon is moderately wounded.
The steam dragon breathes steam at you. The ball of steam misses you.
You hear an angry hiss.
The adder bites you. x2
You are poisoned.
The adder poisons you! The steam dragon barely misses you.
The steam dragon misses you.
You slash the steam dragon!
The steam dragon is heavily wounded.
You closely miss the adder.
You feel sick. The adder barely misses you.
The steam dragon closely misses you. The steam dragon claws you.
You closely miss the steam dragon.
The steam dragon is heavily wounded.
You slash the adder!
You feel sick. The adder bites you.
* * * LOW HITPOINT WARNING * * *
The steam dragon bites you.
* * * LOW HITPOINT WARNING * * *
The steam dragon barely misses you. The adder barely misses you.
You fade into invisibility!
You feel sick. The adder misses you. The steam dragon breathes steam at you.
The ball of steam hits you.
* * * LOW HITPOINT WARNING * * *
Found 7 gold pieces.
You feel sick.
You are no longer poisoned.
The adder misses you.
The adder is engulfed in a cloud of scalding steam.
The adder dies!
Okay, then.
You feel better.
An adder comes into view.
The steam dragon bites you!
* * * LOW HITPOINT WARNING * * *
The steam dragon claws you.
You die...

........................#
...........##....>......#
...........##............
..........#######.....#..
..........#...###†###.#
...............##.# ...
................### #.
........§.......#
......§D@..#...##
.S...§...!.#....#
....§......# ..##
..§§.......# ..#
...§.......# ............
.####.##..... $. .......


You could see a steam dragon (unable to see you, catching breath) and an adder
(wandering, unable to see you).

Vanquished Creatures
  Prince Ribbit (D:5)
  A black bear (D:4)
  An ogre (D:3)
  A scorpion (D:2)
  A hound (D:5)
  A jelly (D:5)
  Natasha (D:4)
  2 sleepcaps
  Ijyb (D:3)
  3 adders
  4 dart slugs
  7 orcs
  5 ball pythons
  9 endoplasms
  2 giant cockroaches
  3 hobgoblins
  3 quokkas
  9 bats
  4 frilled lizards
  7 goblins
  5 kobolds
  2 rats (D:3)
73 creatures vanquished.

Vanquished Creatures (others)
  An adder (D:5)
1 creature vanquished.

Grand Total: 74 creatures vanquished

Notes
Turn   | Place    | Note
-------+----------+-------------------------------------------
     0 | D:1      | porpoise the Ogre Gladiator began the quest for the Orb.
     0 | D:1      | Reached XP level 1. HP: 22/22 MP: 1/1
   282 | D:1      | Reached XP level 2. HP: 28/31 MP: 2/2
   550 | D:1      | Reached XP level 3. HP: 27/37 MP: 3/3
   964 | D:2      | Found a sparkling altar of Nemelex Xobeh.
  1141 | D:2      | Reached skill level 4 in Axes
  1147 | D:2      | Found Nodivah's Antique Weapon Shop.
  1258 | D:2      | Noticed a scorpion
  1270 | D:2      | Killed a scorpion
  1271 | D:2      | Reached XP level 4. HP: 31/48 MP: 4/4
  1823 | D:3      | Reached XP level 5. HP: 55/55 MP: 5/5
  1883 | D:3      | Identified the +0 leather armour of the Locust {Slay+3}
  1891 | D:3      | Noticed Ijyb
  1956 | D:3      | Killed Ijyb
  1957 | D:3      | Reached skill level 5 in Axes
  2082 | D:3      | Noticed an ogre
  2091 | D:3      | Killed an ogre
  2092 | D:3      | Reached skill level 5 in Fighting
  2092 | D:3      | Reached XP level 6. HP: 32/66 MP: 6/6
  2390 | D:4      | Noticed a black bear
  2397 | D:4      | Killed a black bear
  2398 | D:4      | Reached skill level 6 in Axes
  2474 | D:4      | Noticed Natasha
  2485 | D:4      | Killed Natasha
  2592 | D:4      | You fall into a shaft and drop 2 floors!
  2607 | D:5      | Entered Level 5 of the Dungeon
  2619 | D:5      | Reached XP level 7. HP: 45/74 MP: 7/7
  2720 | D:5      | Noticed Prince Ribbit
  2725 | D:5      | Killed Prince Ribbit
  2726 | D:5      | Reached skill level 7 in Axes
  2757 | D:5      | Noticed a steam dragon
  2771 | D:5      | HP: 3/76 [steam dragon (11)]
  2771 | D:5      | Slain by a steam dragon

Illustrated notes

Levels and vault maps discovered:
D:1:      lemuel_arrival_tunnels, layout_basic
D:2:      layout_basic, basic_altar, serial_shops, shop, hangedman_decor_lopped,
          minmay_pentomino_o2
D:3:      layout_rooms, st_stairs_1, uniq_ijyb
D:4:      layout_loops_corners, nicolae_temple_entry_ecumenical,
          nicolae_goblin_pals, uniq_natasha
D:5:      old_forge, layout_basic, nicolae_overflow_hidden_temple,
          patterned_corridor, uniq_edmund, uniq_prince_ribbit1
D:6:      layout_rooms, general_overflow_altar

Skill      XL: |  1  2  3  4  5  6  7 |
---------------+----------------------+-----
Fighting       | 3 4 5 6 |  6.6
Axes           | 4 5 6 7 |  7.3
Throwing       | |  2.0
Dodging        | |  2.6

Action                     |  1- 3 |  4- 6 |  7- 9 || total
---------------------------+-------+-------+-------++-------
  Melee: War axe           |    54 |    89 |    13 ||   156
         Unarmed           |       |     2 |       ||     2
         Punch             |       |     1 |       ||     1
  Throw: Throwing net      |     2 |       |       ||     2
         Large rock        |     1 |       |       ||     1
         Boomerang         |       |       |     7 ||     7
  Evoke: Wand              |       |     1 |       ||     1
    Use: Scroll            |       |     6 |       ||     6
         Potion            |       |       |     2 ||     2
   Stab: Sleeping          |     1 |     1 |       ||     2
         Paralysed         |       |     3 |       ||     3
 Armour: Robe              |    12 |    10 |     4 ||    26
  Dodge: Dodged            |    25 |    65 |    18 ||   108

Table legend: (Time is in decaauts)
 A = Elapsed time spent in this place.
 B = Non-inter-level travel time spent in this place.
 C = Inter-level travel time spent in this place.
 D = Time resting spent in this place.
 E = Time spent auto-exploring this place.
 F = Levels seen in this place.
 G = Mean time per level.
                   A        B        C        D        E       F      G
               +--------+--------+--------+--------+--------+-----+--------+
         Total |   2806 |   2697 |    109 |    715 |   1278 |   6 |  467.7 |
       Dungeon |   2806 |   2697 |    109 |    715 |   1278 |   6 |  467.7 |
               +--------+--------+--------+--------+--------+-----+--------+

Top non-repeatable levels by time:
     D:2: 952 daAuts
     D:1: 853 daAuts
     D:3: 589 daAuts
     D:4: 228 daAuts
     D:5: 168 daAuts
     D:6: 14 daAuts
